 Dungeon Crawl Stone Soup version 0.26-a0-613-g4f23886233 (webtiles) character file.

Game seed: 9923932043187005538

583 Mitsuki the Firebug (level 7, 0/36 HPs)
             Began as a Deep Elf Fire Elementalist on Sept 10, 2020.
             Slain by a mummy (15 damage)
             ... in an ossuary on Sept 11, 2020.
             The game lasted 00:15:15 (4422 turns).

Mitsuki the Firebug (Deep Elf Fire Elementalist)    Turns: 4422, Time: 00:15:16

Health: 0/36       AC:  7    Str:  6    XL:     7   Next: 14%
Magic:  16/16      EV: 15    Int: 21    God:
Gold:   235        SH:  0    Dex: 15    Spells: 15/16 levels left

rFire    . . .     SeeInvis .   m - +2 dagger (venom)
rCold    . . .     Faith    .   (no shield)
rNeg     . . .     Spirit   .   a - +0 robe
rPois    .         Reflect  .   p - +2 helmet
rElec    .         Harm     .   g - +1 cloak
rCorr    +                      (no gloves)
MR       .....                  (no boots)
Stlth    ++........             (no amulet)
HPRegen  0.12/turn              e - ring of resist corrosion
MPRegen  0.15/turn              (no ring)

@: marked
A: no striking features
a: no special abilities


You were in an ossuary.
You visited 1 branch of the dungeon, and saw 4 of its levels.
You also visited: Ossuary.

You collected 235 gold pieces.

Inventory:

Hand Weapons
 m - a +2 dagger of venom (weapon)
Armour
 a - a +0 robe (worn)
 g - a +1 cloak (worn)
 p - a +2 helmet (worn)
Magical Staves
 v - an uncursed staff of fire {unknown}
Jewellery
 e - a ring of resist corrosion (left hand)
Scrolls
 b - a scroll of fear {unknown}
 d - a scroll of immolation {unknown}
 h - a scroll of blinking {unknown}
 i - 2 scrolls of fog {unknown}
 k - 3 scrolls of identify {unknown}
 n - 2 scrolls of amnesia {unknown}
 o - a scroll of enchant weapon {unknown}
 q - a scroll of enchant armour {unknown}
Potions
 c - 3 potions of heal wounds {unknown}
 f - 2 potions of flight {unknown}
 j - 3 potions of degeneration {unknown}
 l - a potion of cancellation {unknown}
 r - 2 potions of haste {unknown}
 s - a potion of curing {unknown}
 t - a potion of stabbing {unknown}
 u - a potion of magic {unknown}


   Skills:
 + Level 5.0 Dodging
 - Level 2.4 Stealth
 - Level 5.0 Spellcasting
 + Level 3.7 Conjurations
 * Level 6.2 Fire Magic


You had 15 spell levels left.
You knew the following spells:

 Your Spells              Type           Power        Failure   Level
a - Foxfire               Conj/Fire      ####         1%          1

Your spell library contained the following spells:

 Spells                   Type           Power        Failure   Level
 Conjure Flame            Conj/Fire      ####....     4%          3
 Inner Flame              Hex/Fire       ###.....     9%          3
 Sticky Flame             Conj/Fire      ####....     14%         4
 Fireball                 Conj/Fire      ####......   36%         5


Dungeon Overview and Level Annotations

Branches:
Dungeon (4/15)            Ossuary (1/1)
 Temple: D:4-7

Altars:

Annotations:
D:3 exclusion: centaur
D:4 Eustachio


Message History

You hit the mummy but do no damage.
The mummy is lightly damaged.
You hit the mummy but do no damage.
The mummy is lightly damaged.
The mummy closely misses you.
You hit the mummy.
The mummy is moderately damaged.
You hit the mummy.
The mummy is moderately damaged.
The mummy hits you!
You take 7 damage, and have 15/36 hp.
You completely miss the mummy.
The mummy is moderately damaged.
The mummy barely misses you.
You hit the mummy but do no damage.
The mummy is moderately damaged.
You barely miss the mummy.
The mummy is moderately damaged.
The mummy hits you!
You die...

#..## ##..##..## ..## ##..##..##
.## ##..##..## ## ##^.##..## #
##..##..## ##.^##..## ##.^##.^##
######################..##..##..#
..........^.^...@MZZZ... ##..##..
############################..##.
.....^........^................##
#################################


You could see a mummy, 2 rat skeletons and a goblin skeleton.

Vanquished Creatures
  Grinder (D:3)
  A scorpion (D:3)
  An orc priest (D:4)
  A centaur skeleton (D:4)
  Terence (D:2)
  2 worker ants (D:4)
  Robin (D:2)
  9 adders
  3 worms (D:2)
  2 dart slugs (D:3)
  5 orcs
  4 bats
  5 giant cockroaches
  4 gnoll zombies (Ossuary)
  15 goblins
  8 hobgoblins
  4 jackals
  7 kobolds
  3 quokkas
  2 ball pythons
  A frilled lizard (D:1)
  A gnoll skeleton (Ossuary)
  2 goblin skeletons (Ossuary)
  4 goblin zombies (Ossuary)
  3 hobgoblin skeletons (Ossuary)
  4 hobgoblin zombies (Ossuary)
  7 kobold skeletons (Ossuary)
  4 kobold zombies (Ossuary)
  2 orc skeletons (Ossuary)
  2 orc zombies (Ossuary)
  A quokka skeleton (D:4)
  9 rats
  3 rat skeletons (Ossuary)
  A rat zombie (Ossuary)
123 creatures vanquished.

Vanquished Creatures (others)
  A goblin skeleton (Ossuary)
  A goblin zombie (Ossuary)
  309 foxfires
311 creatures vanquished.

Grand Total: 434 creatures vanquished

Notes
Turn   | Place    | Note
-------+----------+-------------------------------------------
     0 | D:1      | Mitsuki the Deep Elf Fire Elementalist began the quest for
                  | the Orb.
     0 | D:1      | Reached XP level 1. HP: 10/10 MP: 6/6
   305 | D:1      | Reached XP level 2. HP: 15/15 MP: 5/8
   806 | D:2      | Noticed Terence
  1009 | D:2      | Reached XP level 3. HP: 19/19 MP: 7/10
  1094 | D:2      | Killed Terence
  1094 | D:2      | Reached skill level 4 in Fire Magic
  1316 | D:2      | Reached XP level 4. HP: 24/24 MP: 7/12
  1551 | D:2      | Noticed Robin
  1608 | D:2      | Killed Robin
  1871 | D:2      | Reached XP level 5. HP: 26/28 MP: 14/14
  2379 | D:3      | Noticed Grinder
  2659 | D:3      | Reached skill level 5 in Spellcasting
  2749 | D:3      | Noticed a centaur
  3059 | D:3      | Killed Grinder
  3059 | D:3      | Reached skill level 5 in Fire Magic
  3059 | D:3      | Reached XP level 6. HP: 32/32 MP: 4/15
  3165 | D:3      | Upgraded the game from 0.26-a0-612-gd4d190f45e to
                  | 0.26-a0-613-g4f23886233
  3512 | D:4      | Reached skill level 6 in Fire Magic
  3512 | D:4      | Reached XP level 7. HP: 24/36 MP: 6/16
  3834 | D:4      | Noticed Eustachio
  3879 | D:4      | Reached skill level 5 in Dodging
  3963 | D:4      | Found a sand-covered staircase.
  3970 | Ossuary  | Entered an ossuary
  4422 | Ossuary  | Slain by a mummy

Illustrated notes

Levels and vault maps discovered:
D:1:      scummos_arrival_simple_fountains, layout_loops_cross
D:2:      layout_basic, minmay_vboxes, uniq_terence, uniq_robin
D:3:      layout_basic, gammafunk_temple_overflow_statue,
          kennysheep_generic_room_3, uniq_grinder
D:4:      layout_cave_pods, enter_ossuary_4, uniq_eustachio
Ossuary:  ossuary_due_pyramid

Skill      XL: |  1  2  3  4  5  6  7 |
---------------+----------------------+-----
Dodging        | 3 4 5 |  5.0
Spellcasting   | 4 5 |  5.0
Fire Magic     | 4 5 6 |  6.2
Conjurations   | 2 3 |  3.7
Stealth        | |  2.4

Action                   |  1- 3 |  4- 6 |  7- 9 || total
-------------------------+-------+-------+-------++-------
Melee: Dagger            |    18 |    60 |    77 ||   155
 Cast: Foxfire           |    57 |    79 |    49 ||   185
 Stab: Sleeping          |       |     3 |       ||     3
Armor: Robe              |     3 |    12 |     8 ||    23
Dodge: Dodged            |    19 |    37 |    28 ||    84

Table legend: (Time is in decaauts)
 A = Elapsed time spent in this place.
 B = Non-inter-level travel time spent in this place.
 C = Inter-level travel time spent in this place.
 D = Time resting spent in this place.
 E = Time spent auto-exploring this place.
 F = Levels seen in this place.
 G = Mean time per level.
                   A        B        C        D        E       F      G
               +--------+--------+--------+--------+--------+-----+--------+
         Total |   4422 |   4288 |    134 |    116 |   3208 |   5 |  884.4 |
       Dungeon |   3970 |   3836 |    134 |     96 |   3043 |   4 |  992.5 |
       Ossuary |    451 |    451 |      0 |     20 |    165 |   1 |  451.0 |
               +--------+--------+--------+--------+--------+-----+--------+

Top non-repeatable levels by time:
     D:3: 1433 daAuts
     D:2: 1396 daAuts
     D:1: 728 daAuts
 Ossuary: 451 daAuts
     D:4: 412 daAuts
